Map: 엔디온 잔해

Players

llllllllllll (Scarlett) - Winner!

  • Race: Zerg Zerg
  • League: Grandmaster

Armani

  • Race: Protoss Protoss
  • League: Grandmaster

VOD

Have the link to the VOD?

Description

Time

  • Played on: April 13, 2016, 4:46 a.m.
  • Length: 3:58
Show
View Real Time Build Order
Export as new Build Order

llllllllllll Zerg - Winner!

Build Orders: Hatch First 

Get SALT Encoding   

  12  0:00  Drone  
  13  0:12  Drone  
  14  0:18  Overlord  
  14  0:26  Extractor  
  14  0:27  Drone  
  15  0:37  Drone x2  
  17  0:53  Hatchery  
  16  0:57  Drone  
  16  1:00  Drone  
  18  1:11  Extractor  
  17  1:14  Spawning Pool  
  16  1:20  Drone  
  16  1:21  Drone  
  18  1:29  Drone  
  19  1:39  Drone  
  20  1:48  Hatchery  
  19  1:55  Drone  
  20  2:04  Queen  
  22  2:13  Metabolic Boost  
  22  2:16  Drone  
  22  2:17  Drone  
  22  2:18  Drone  
  22  2:22  Overlord  
  25  2:29  Drone  
  26  2:32  Queen  
  28  2:40  Zergling x6  
  28  2:43  Zergling x2  
  32  2:48  Zergling x2  
  33  2:52  Queen  
  33  2:55  Overlord  
  34  3:12  Zergling x2  
  34  3:13  Zergling x2  
  34  3:19  Zergling x2  
  35  3:20  Zergling x6  
  35  3:22  Zergling x4  
  35  3:25  Drone  
  41  3:33  Overlord  
  42  3:34  Drone x2  
  42  3:39  Drone  
Show
View Real Time Build Order
Export as new Build Order

Armani Protoss 

Build Orders:  

Get SALT Encoding   

  12  0:00  Probe (Chrono Boost)  
  13  0:15  Pylon  
  13  0:18  Probe (Chrono Boost)  
  14  0:29  Probe (Chrono Boost)  
  15  0:40  Probe (Chrono Boost)  
  16  0:43  Gateway  
  16  0:47  Assimilator  
  16  0:50  Probe (Chrono Boost)  
  17  1:01  Probe (Chrono Boost)  
  18  1:07  Gateway  
  19  1:11  Probe (Chrono Boost)  
  19  1:22  Probe (Chrono Boost)  
  20  1:31  Cybernetics Core  
  20  1:34  Probe (Chrono Boost)  
  20  1:38  Pylon  
  21  1:45  Probe (Chrono Boost)  
  22  1:55  Probe (Chrono Boost)  
  27  2:08  Warp Gate (Chrono Boost)  
  27  2:09  Adept x2 (Chrono Boost)  
  27  2:12  Probe  
  28  2:23  Nexus  
  28  2:26  Probe  
  29  2:33  Adept  
  31  2:43  Assimilator  
  31  2:48  Pylon  
  31  3:06  Adept, Probe  
  34  3:18  Mothership Core  
  34  3:19  Twilight Council  
  32  3:29  Gateway  
  32  3:34  Probe  
  32  3:40  Probe  
  38  3:44  Probe  
Tags
 
Add a new tag
Caveats
  • Supply blocks, unpowered buildings, or Contaminate may cause inaccurate times.
  • Supply counts are checked every 10 seconds.